Map: Blackpink LE

Players

Zoidberg - Winner!

  • Race: Zerg Zerg
  • League: Platinum
  • Spawn Location: 7:00

Skulle

  • Race: Zerg Zerg
  • League: Platinum
  • Spawn Location: 1:00

VOD

Have the link to the VOD?

Description

Time

  • Played on: March 22, 2018, 5:34 p.m.
  • Length: 5:11
Show
View Real Time Build Order
Export as new Build Order

Zoidberg Zerg - Winner!

Build Orders: Hatch First 

Get SALT Encoding   

  12  0:01  Drone  
  13  0:13  Overlord  
  13  0:17  Drone  
  14  0:31  Drone x2  
  14  0:35  Drone  
  17  0:55  Hatchery  
  16  0:58  Drone  
  16  1:01  Drone, Extractor  
  17  1:16  Spawning Pool  
  16  1:24  Drone x2  
  18  1:30  Drone  
  19  1:46  Overlord  
  19  2:08  Zergling x6  
  22  2:11  Queen x2  
  22  2:14  Metabolic Boost  
  26  2:18  Drone  
  26  2:21  Drone  
  28  2:25  Drone  
  29  2:44  Baneling Nest, Overlord  
  28  2:57  Zergling x2  
  28  2:58  Zergling x4  
  31  3:07  Drone x2, Overlord  
  32  3:34  Baneling x2  
  32  3:38  Zergling x2  
  32  3:39  Zergling x6  
  35  3:44  Zergling x2  
  35  3:46  Zergling x2  
  35  3:47  Zergling x2  
  37  3:50  Baneling  
  37  4:02  Baneling  
  37  4:06  Overlord x2  
  37  4:07  Drone x3  
  40  4:11  Roach Warren  
  40  4:15  Overlord  
  39  4:24  Baneling  
  38  4:48  Baneling x2  
Show
View Real Time Build Order
Export as new Build Order

Skulle Zerg 

Build Orders: Hatch First 

Get SALT Encoding   

  12  0:01  Drone  
  13  0:12  Overlord  
  13  0:17  Drone  
  14  0:30  Drone  
  14  0:31  Drone  
  16  0:50  Hatchery  
  16  0:54  Drone  
  16  0:59  Extractor  
  16  1:00  Drone  
  16  1:15  Spawning Pool  
  15  1:26  Drone  
  15  1:27  Drone x2  
  18  2:02  Queen  
  18  2:03  Metabolic Boost  
  18  2:04  Queen  
  18  2:07  Zergling x2  
  24  2:08  Zergling x2  
  24  2:10  Zergling x2  
  25  2:37  Zergling x6  
  25  2:43  Overlord x2  
  28  3:08  Zergling x4  
  28  3:11  Zergling x6  
  33  3:16  Drone  
  33  3:17  Drone x2  
  33  3:18  Drone  
  38  3:20  Drone x3  
  38  3:23  Zergling x2  
  41  3:35  Zergling x2  
  41  3:55  Baneling Nest  
  41  4:01  Spine Crawler  
  39  4:07  Drone x3  
  42  4:27  Roach Warren  
  41  4:35  Evolution Chamber  
  28  4:41  Zergling x14  
  28  4:44  Zergling x10  
Tags
 
Add a new tag
Caveats
  • Supply blocks, unpowered buildings, or Contaminate may cause inaccurate times.
  • Supply counts are checked every 10 seconds.